 Dungeon Crawl Stone Soup version 0.19-a0-713-g934ebc7 (webtiles) character file.

6834 shmeve the Cleaver (level 10, -10/91 HPs)
             Began as a Minotaur Berserker on June 17, 2016.
             Was a High Priest of Trog.
             Mangled by a komodo dragon (22 damage)
             ... on level 1 of the Lair of Beasts on June 20, 2016.
             The game lasted 00:22:03 (9726 turns).

shmeve the Cleaver (Minotaur Berserker)             Turns: 9726, Time: 00:22:04

Health: -10/91     AC: 19    Str: 25    XL:     10   Next: 77%
Magic:  3/3        EV:  9    Int:  4    God:    Trog [*****.]
Gold:   559        SH:  6    Dex: 10    Spells: 0 memorised, 9 levels left

rFire  . . .     SeeInvis .     A - +1 broad axe (antimagic)
rCold  . . .     Gourm    .     M - +0 plate armour
rNeg   . . .     Faith    +     u - +0 buckler
rPois  .         Spirit   .     (helmet restricted)
rElec  .         Dismiss  .     w - +0 cloak
rCorr  .         Reflect  .     L - +2 pair of gloves
SustAt +         Harm     .     V - +0 pair of boots
MR     .....                    t - amulet of faith
Stlth  ..........               (no ring)
                                B - ring of sustain attributes

@: not resistant to hostile enchantments, extremely unstealthy
A: retaliatory headbutt, horns 2
a: Berserk, Trog's Hand, Brothers in Arms, Burn Spellbooks, Renounce Religion


You were on level 1 of the Lair of Beasts.
You worshipped Trog.
Trog was extremely pleased with you.
You were not hungry.

You visited 2 branches of the dungeon, and saw 10 of its levels.
You also visited: Ossuary.

You collected 559 gold pieces.

Inventory:

Hand Weapons
 A - a +1 antimagic broad axe (weapon)
Missiles
 p - 3 javelins
 y - 3 poisoned tomahawks (quivered)
 H - 2 throwing nets
Armour
 u - a +0 buckler (worn)
 w - a +0 cloak (worn)
 L - a +2 pair of gloves (worn)
 M - a +0 plate armour (worn)
 V - a +0 pair of boots (worn)
Jewellery
 t - an amulet of faith (around neck)
 B - a ring of sustain attributes (left hand)
 C - a cursed amulet of inaccuracy {unknown}
 W - an uncursed amulet of the gourmand {unknown}
Wands
 b - a wand of polymorph (8/24)
 I - a wand of iceblast (2/15)
 J - a wand of flame (22/48)
 K - a wand of digging (0/24)
 N - a wand of flame (34/48)
 P - a wand of iceblast (7/15)
Scrolls
 d - 12 scrolls of identify {unknown}
 g - 7 scrolls of teleportation {unknown}
 h - 2 scrolls of recharging {unknown}
 i - 2 scrolls of amnesia {unknown}
 k - 4 scrolls of blinking {unknown}
 l - 3 scrolls of enchant armour {unknown}
 s - 3 scrolls of fog {unknown}
 z - 2 scrolls of immolation {unknown}
 E - 5 scrolls of remove curse {unknown}
 F - a scroll of enchant weapon {unknown}
 G - a scroll of fear {unknown}
 O - a scroll of torment {unknown}
 R - 3 scrolls of random uselessness {unknown}
Potions
 a - 5 potions of might {unknown}
 e - 4 potions of haste {unknown}
 f - 3 potions of lignification {unknown}
 n - 5 potions of heal wounds {unknown}
 o - 2 potions of brilliance {unknown}
 r - 3 potions of degeneration {unknown}
 v - 4 potions of curing {unknown}
 x - 3 potions of agility {unknown}
 D - 3 potions of magic {unknown}
 S - 2 potions of flight {unknown}
Miscellaneous
 Q - a fan of gales
Comestibles
 c - 7 bread rations
 j - a royal jelly
 m - 7 meat rations
 q - 4 beef jerkies
 T - 5 chunks of flesh
 U - a fruit


   Skills:
 * Level 9.4 Fighting
 * Level 10.2 Axes
 + Level 5.1 Throwing
 + Level 6.9 Armour
 + Level 6.2 Dodging
 * Level 10.1 Shields


You had 9 spell levels left.
You didn't know any spells.

Dungeon Overview and Level Annotations

Branches:
Dungeon (9/15)             Temple (0/1) D:7            Lair (1/6) D:9
    Orc: D:9-12

Altars:
Ashenzari
Cheibriados
Dithmenos
Hepliaklqana
Kikubaaqudgha
Makhleb
Nemelex Xobeh
Okawaru
Pakellas
Ru
Sif Muna
Trog
Uskayaw
Vehumet


Innate Abilities, Weirdness & Mutations

You reflexively headbutt those who attack you in melee.
You have a pair of horns on your head.


Message History

You slash the komodo dragon!
The komodo dragon is severely wounded.
You closely miss the river rat.
The river rat is heavily wounded.
The komodo dragon bites you but does no damage.
You block the river rat's attack.
You hit the komodo dragon but do no damage.
The komodo dragon is severely wounded.
You barely miss the river rat.
The river rat is heavily wounded.
The komodo dragon bites you!!
* * * LOW HITPOINT WARNING * * *
The river rat barely misses you.
You hit the komodo dragon.
The komodo dragon is almost dead.
You hit the river rat.
You kill the river rat!
Trog accepts your kill. The komodo dragon bites you!!
You die...

..#..#.+ . ..#....# ...#
#####.... ......##
....###.#...... ##...##
#........).... .#...#
#....⌠.....# ###.... #......?..#
##...... #.⌠...⌠.##
.......#..##...†l...## ......##
.#....⌠@....#
..#...###......†.....##
....#.#.....###.#.....####
........... ##.##...##.#
....>.....## #.###.⌠...#
......####.# #...†.†.#......#
..#.†......#####P###..##.......#
####..........######...#..##....
P# #.......................# ...


You could see a komodo dragon.

Vanquished Creatures
  Pikel (D:6)
  Joseph (D:8)
  The ghost of beep the Twirler, a novice DsGl (D:5)
  A two-headed ogre (D:8)
  Sigmund (D:6)
  Eustachio (D:5)
  Grum (D:9)
  A hippogriff (Lair:1)
  5 yaks (D:9)
  A steam dragon (D:8)
  2 hell hounds (D:9)
  2 ice beasts (D:9)
  2 porcupines (Lair:1)
  2 slaves (D:6)
  An orc warrior (D:6)
  A phantom (D:4)
  A black bear (D:9)
  2 ogres
  A centaur (D:4)
  2 wolves (D:9)
  A crocodile (Lair:1)
  11 giant frogs
  2 scorpions
  A water moccasin skeleton (D:5)
  4 howler monkeys
  2 jellies
  5 crimson imps
  A centaur zombie (D:8)
  3 giant frog zombies
  3 quasits
  2 giant frog skeletons
  3 hounds
  4 orc priests
  8 orc wizards
  A centaur skeleton (D:5)
  5 worker ants
  2 iguanas (D:5)
  7 big kobold zombies (Ossuary)
  A mummy (Ossuary)
  A howler monkey zombie (D:7)
  Robin (D:2)
  4 worker ant zombies
  A gnoll (D:1)
  23 river rats (Lair:1)
  12 adders
  A shadow imp (D:8)
  An ooze (D:2)
  3 adder skeletons
  An adder zombie (D:4)
  4 worms
  2 dart slugs
  5 giant geckos
  27 orcs
  4 spectral bats (Ossuary)
  2 ball pythons
  6 giant cockroaches
  5 gnoll zombies (Ossuary)
  16 goblins
  9 hobgoblins
  12 jackals
  4 quokkas
  6 bats
  6 bat simulacra (Ossuary)
  A giant gecko zombie (D:4)
  8 giant newts
  2 goblin simulacra (Ossuary)
  8 goblin zombies (Ossuary)
  3 hobgoblin zombies (Ossuary)
  3 jackal skeletons (D:4)
  A jackal zombie (D:6)
  8 kobolds
  A kobold simulacrum (Ossuary)
  4 kobold zombies (Ossuary)
  3 orc zombies (Ossuary)
  A quokka skeleton (D:4)
  13 rats
  3 rat simulacra (Ossuary)
  A spectral goblin (Ossuary)
  4 spectral kobolds (Ossuary)
  4 spectral rats (Ossuary)
  A fungus (Lair:1)
321 creatures vanquished.

Notes
Turn   | Place    | Note
--------------------------------------------------------------
     0 | D:1      | shmeve the Minotaur Berserker began the quest for the Orb.
     0 | D:1      | Reached XP level 1. HP: 19/19 MP: 0/0
   404 | D:1      | Reached XP level 2. HP: 27/27 MP: 1/1
  1257 | D:2      | Reached skill level 1 in Throwing
  1257 | D:2      | Reached XP level 3. HP: 33/33 MP: 2/2
  1405 | D:2      | Noticed Robin
  1407 | D:2      | Reached ** piety under Trog
  1416 | D:2      | Killed Robin
  1505 | D:2      | Reached XP level 4. HP: 30/40 MP: 3/3
  1920 | D:3      | Reached skill level 1 in Shields
  1967 | D:3      | Reached XP level 5. HP: 41/47 MP: 4/4
  1980 | D:3      | Reached *** piety under Trog
  2225 | D:3      | Found a shattered altar of Ashenzari.
  2225 | D:3      | Found a radiant altar of Vehumet.
  2383 | D:3      | Found an iron altar of Okawaru.
  2634 | D:4      | Found a sacrificial altar of Ru.
  2654 | D:4      | Noticed a centaur
  2672 | D:4      | Reached XP level 6. HP: 11/53 MP: 5/5
  2678 | D:4      | Reached skill level 5 in Shields
  2988 | D:4      | Reached **** piety under Trog
  3178 | D:4      | Found a shadowy altar of Dithmenos.
  3188 | D:4      | Reached skill level 5 in Axes
  3188 | D:4      | Reached XP level 7. HP: 56/60 MP: 6/6
  3324 | D:4      | Received a gift from Trog
  3522 | D:5      | Entered Level 5 of the Dungeon
  3530 | D:5      | Reached skill level 5 in Fighting
  3722 | D:5      | Noticed Eustachio
  3736 | D:5      | Killed Eustachio
  3900 | D:5      | Noticed beep's ghost (novice DsGl)
  3921 | D:5      | Killed beep's ghost
  3921 | D:5      | Reached XP level 8. HP: 55/70 MP: 7/7
  4132 | D:5      | Found a sand-covered staircase.
  4140 | Ossuary  | Entered an ossuary
  4601 | D:5      | Found a burning altar of Makhleb.
  5101 | D:6      | Noticed Sigmund
  5109 | D:6      | Killed Sigmund
  5137 | D:6      | Found an oddly glowing altar of Pakellas.
  5303 | D:1      | Reached ***** piety under Trog
  5309 | D:1      | Received a gift from Trog
  5506 | D:6      | Reached XP level 9. HP: 72/78 MP: 8/8
  5553 | D:6      | Reached skill level 5 in Armour
  5889 | D:6      | Noticed Pikel
  5911 | D:6      | Killed Pikel
  5911 | D:6      | Reached skill level 5 in Dodging
  6203 | D:7      | Found a staircase to the Ecumenical Temple.
  6314 | D:7      | Found an ancient bone altar of Kikubaaqudgha.
  6498 | D:7      | Received a gift from Trog
  6904 | D:8      | Found a deep blue altar of Sif Muna.
  6961 | D:8      | Noticed Joseph
  6973 | D:8      | Killed Joseph
  7128 | D:8      | Found a hide-covered altar of Uskayaw.
  7202 | D:8      | Found a hazy altar of Hepliaklqana.
  7574 | D:8      | Found a bloodstained altar of Trog.
  7900 | D:8      | Reached XP level 10. HP: 37/88 MP: 9/9
  8196 | D:8      | Found a snail-covered altar of Cheibriados.
  8196 | D:8      | Found a sparkling altar of Nemelex Xobeh.
  8339 | D:9      | Noticed Grum
  8354 | D:9      | Killed Grum
  8842 | D:9      | Found a staircase to the Lair.
  9112 | D:9      | Received a gift from Trog
  9543 | Lair:1   | Entered Level 1 of the Lair of Beasts
  9570 | Lair:1   | Reached skill level 10 in Axes
  9580 | Lair:1   | Reached skill level 5 in Throwing
  9604 | Lair:1   | Upgraded the game from 0.19-a0-678-ge7aab0b to 0.19-a0-713-g934ebc7
  9623 | Lair:1   | Reached skill level 10 in Shields
  9726 | Lair:1   | Mangled by a komodo dragon

Vault maps used:
D:1:      erik_arrival_cave_to_civilisation, serial_curves, eino_curves_04,
          eino_curves_03, eino_curves_02, eino_curves_02
D:2:      uniq_robin
D:3:      kennysheep_okawaru_gauntlet, amethyst_overflow_temple_binary
D:4:      nicolae_ru_sacrificial_ziggurat, grunt_dithmenos_shadows,
          serial_undead, serial_undead_c, serial_undead_a, serial_undead_b,
          serial_undead_c
D:5:      overflow_temple_1_default, portal_sewer_entry_b,
          nicolae_ossuary_entry_ruins, first_bread, uniq_eustachio
D:6:      johnstein_pakellas_dig, uniq_sigmund, uniq_pikel
D:7:      lemuel_round_altar, minmay_temple_entry_nine_rooms
D:8:      old_standard_altar, lemuel_crystal_altar, lemuel_round_altar,
          gammafunk_temple_overflow_wave, lemuel_doored_altar, uniq_joseph
D:9:      minmay_lair_entry_lava, uniq_grum
Lair:1:   lab_entry_generic, roderic_batcave, grunt_megastairs_4,
          infiniplex_staircase_pool_2
Ossuary:  ossuary_zaba_two_paths

Skill      XL: |  1  2  3  4  5  6  7  8  9 10 |
---------------+-------------------------------+-----
Axes           | 4 5 6 7 9 10 | 10.2
Throwing       | 1 2 3 4 5 |  5.1
Fighting       | 4 5 6 8 9 |  9.4
Armour         | 3 4 6 |  6.9
Shields        | 2 4 5 6 7 9 10 | 10.1
Dodging        | 3 4 5 6 |  6.2

Action                   |  1- 3 |  4- 6 |  7- 9 | 10-12 || total
-------------------------+-------+-------+-------+-------++-------
Melee: Hand axe          |    65 |    62 |       |       ||   127
       Headbutt          |     7 |    19 |    87 |    35 ||   148
       War axe           |       |    64 |   443 |    85 ||   592
       Broad axe         |       |       |       |    89 ||    89
Throw: Tomahawk          |       |     1 |     9 |    16 ||    26
       Javelin           |       |       |       |     1 ||     1
Invok: Berserk           |       |     2 |     4 |     1 ||     7
       Burn Spellbooks   |       |     1 |     2 |     1 ||     4
       Trog's Hand       |       |       |     1 |       ||     1
Evoke: Wand              |       |       |     1 |       ||     1
 Stab: Sleeping          |     1 |       |       |       ||     1
  Eat: Chunk             |     2 |     7 |    17 |     7 ||    33
       Fruit             |       |       |     4 |       ||     4
Armor: Animal skin       |    15 |    19 |       |       ||    34
       Chain mail        |       |     6 |   160 |       ||   166
       Plate armour      |       |       |    64 |   155 ||   219
Dodge: Dodged            |    50 |    74 |   172 |    98 ||   394
Block: Buckler           |       |    18 |   112 |    64 ||   194
